 Dungeon Crawl Stone Soup version bcrawl-1.37.2 (webtiles) character file.

Game seed: 14393971769293096260

354312 Coyote68 the Ruffian (level 8, 68/68 HPs)
             Began as a Ghoul Fighter on Nov 23, 2022.
             Quit the game on level 4 of the Dungeon.
             The game lasted 00:15:41 (2720 turns).

Coyote68 the Ruffian (Ghoul Fighter)                Turns: 2720, Time: 00:15:41

Health: 68/68      AC:  9    Str: 23    XL:     8   Next: 29%
Magic:  8/8        EV:  7    Int:  6    God:
Gold:   279        SH: 10    Dex: 12    Spells: 7/7 levels left

rFire    . . .     GDR:     28%   - Claws (16.1)
rCold    . . .     SeeInvis .   b - +0 medium shield
rNeg     + . .     Gourm    .   a - +0 scale mail
rPois    +         Faith    .   n - +0 helmet
rElec    .         Spirit   .   (no cloak)
rCorr    .         Reflect  .   (no gloves)
MR       .....                  h - +0 pair of boots
Stlth    ..........             (no amulet)
HPRegen  0.21/turn              (no ring)
MPRegen  0.11/turn              (no ring)

@: rotting, quick
A: claws 1, carnivore, speed 1, negative energy resistance 1, poison resistance,
partial torment resistance, strong legs 1
a: Hop


You were on level 4 of the Dungeon.
You were not hungry.

You visited 1 branch of the dungeon, and saw 4 of its levels.

You collected 279 gold pieces.

Inventory:

Hand Weapons
 q - a +0 long sword
Armour
 a - a +0 scale mail (worn)
 b - a +0 medium shield (worn)
 h - a +0 pair of boots (worn)
 n - a +0 helmet (worn)
Scrolls
 i - 2 scrolls of remove curse
Potions
 c - 2 potions of might
 d - 2 potions of flight
 f - 4 potions of brilliance
 g - a potion of mutation {unknown}
 k - a potion of lignification {unknown}
 l - 2 potions of agility
 m - 2 potions of curing {unknown}
Comestibles
 e - 6 rations {!d}
 j - 4 chunks of flesh


   Skills:
 + Level 5.0 Fighting
 + Level 4.9 Armour
 + Level 2.6 Dodging
 + Level 4.2 Shields
 + Level 6.0 Unarmed Combat


You had 7 spell levels left.
You didn't know any spells.
Your spell library contained the following spells:

 Spells                   Type           Power        Failure   Level  Hunger
 Apportation              Tloc           #.....       100%        1    None
 Corona                   Hex            #......      100%        1    None
 Infusion                 Chrm           #.......     100%        1    None
 Sandblast                Erth           #.....       100%        1    None
 Slow                     Hex            #.......     100%        1    None
 Summon Butterflies       Summ           #.......     100%        1    None


Dungeon Overview and Level Annotations

Branches:
Dungeon (4/12)
 Temple: D:4-7

Altars:
Cheibriados
Lugonu
Makhleb
Qazlal
Ru
Sif Muna

Portals:
Sewer: D:4


Innate Abilities, Weirdness & Mutations

Eating raw meat heals you.
You have sharp fingernails.
You are carnivorous and can eat meat at any time.
You cover ground quickly.
You resist negative energy. (rN+)
Your system is resistant to poisons. (rPois)
You are less affected by unholy pain and torment.
You can hop short distances.


Message History

Your Unarmed Combat skill increases to level 6!
You see here a sky beast corpse.
You butcher the sky beast corpse.
j - 4 chunks of flesh You eat one of the 4 chunks of flesh.
You feel more resilient.
This raw flesh tastes great.
Eating one of 3 chunks of flesh.
You eat one of the 3 chunks of flesh.
This raw flesh tastes great.
Eating one of 2 chunks of flesh.
You eat one of the 2 chunks of flesh.
This raw flesh tastes great.
Eating a chunk of flesh.
You eat the chunk of flesh.
This raw flesh tastes great.
You hear the brisk rusting of a distant drain.
You butcher the necrophage corpse.
j - 4 chunks of flesh You see here a necrophage skeleton. x2
You see here 140 stones.
You open the large door.
Found a burning altar of Makhleb and a corrupted altar of Lugonu.
Are you sure you want to abandon this character and quit the game? (Confirm with "yes".)

###### +......# ## ### #....#
#......# ###8##.####....#
.......# #⌠_.'..#.......######
......# ###⌠_.'@.#............#
......# #>###8##..............+
......####.#.## ########.......#
...........##.####### #.......#
...........##.......####.......#
..###......'......÷.............
..###......####......#....##+##.
....#...[...# #+###..#.........
....####....# #..(.........


There were no monsters in sight!

Vanquished Creatures
  The ghost of avppva the Vandal, a novice HuAc (D:3)
  2 sky beasts (D:4)
  An ogre (D:4)
  A necrophage (D:4)
  A bullfrog (D:3)
  Blork the orc (D:4)
  A crimson imp (D:3)
  A jelly (D:4)
  Jessica (D:2)
  Terence (D:2)
  A gnoll shaman (D:3)
  2 worker ants (D:4)
  Robin (D:2)
  5 adders
  2 worms
  3 leopard geckos
  6 orcs (D:3)
  4 bats
  3 giant cockroaches
  7 goblins (D:2)
  6 hobgoblins
  11 jackals (D:3)
  A ball python (D:2)
  A frilled lizard (D:1)
  5 kobolds
  A quokka skeleton (D:4)
  A quokka zombie (D:4)
  5 rats
76 creatures vanquished.

Notes
Turn   | Place    | Note
-------+----------+-------------------------------------------
     0 | D:1      | Coyote68 the Ghoul Fighter began the quest for the Orb.
     0 | D:1      | Reached XP level 1. HP: 19/19 MP: 1/1
   288 | D:1      | Reached XP level 2. HP: 27/27 MP: 2/2
   717 | D:2      | Found a snail-covered altar of Cheibriados.
   717 | D:2      | Noticed Jessica
   725 | D:2      | Killed Jessica
   726 | D:2      | Reached XP level 3. HP: 30/33 MP: 3/3
   859 | D:2      | Found a stormy altar of Qazlal.
   859 | D:2      | Noticed a fire elemental
   873 | D:2      | Noticed an air elemental
   873 | D:2      | Noticed a water elemental
   873 | D:2      | Noticed an earth elemental
  1013 | D:2      | Reached XP level 4. HP: 36/40 MP: 4/4
  1026 | D:2      | Noticed Robin
  1053 | D:2      | Killed Robin
  1206 | D:2      | Found a glowing golden altar of the Shining One.
  1260 | D:2      | Noticed Terence
  1280 | D:2      | Killed Terence
  1281 | D:2      | Reached skill level 3 in Unarmed Combat
  1382 | D:3      | Reached XP level 5. HP: 35/46 MP: 5/5
  1443 | D:3      | Found a blossoming altar of Fedhas.
  1485 | D:3      | Noticed a sky beast
  1533 | D:3      | Found a sacrificial altar of Ru.
  1614 | D:3      | Found a runed translucent door.
  1622 | D:3      | Noticed a bullfrog
  1623 | D:3      | Noticed avppva's ghost (novice HuAc)
  1698 | D:3      | Killed a bullfrog
  1699 | D:3      | Reached skill level 1 in Dodging
  1699 | D:3      | Reached XP level 6. HP: 24/53 MP: 6/6
  1713 | D:3      | HP: 2/53 [poisoned by avppva's ghost]
  1721 | D:3      | Killed avppva's ghost
  1722 | D:3      | Reached skill level 4 in Unarmed Combat
  1722 | D:3      | Reached XP level 7. HP: 10/60 MP: 7/7
  1989 | D:3      | Reached skill level 5 in Unarmed Combat
  2359 | D:4      | Found a glowing drain.
  2454 | D:4      | Found a shimmering blue altar of Sif Muna.
  2545 | D:4      | Noticed Blork the orc
  2557 | D:4      | Killed Blork the orc
  2558 | D:4      | Reached skill level 5 in Fighting
  2558 | D:4      | Reached XP level 8. HP: 49/68 MP: 8/8
  2648 | D:4      | Reached skill level 6 in Unarmed Combat
  2719 | D:4      | Found a burning altar of Makhleb.
  2719 | D:4      | Found a corrupted altar of Lugonu.
  2720 | D:4      | Quit the game

Skill      XL: |  1  2  3  4  5  6  7  8 |
---------------+-------------------------+-----
Fighting       | 4 5 |  5.0
Armour         | 3 4 |  4.9
Shields        | 3 4 |  4.2
Unarmed Combat | 3 4 5 6 |  6.0
Dodging        | 1 2 |  2.6

Action                   |  1- 3 |  4- 6 |  7- 9 || total
-------------------------+-------+-------+-------++-------
Melee: Unarmed           |    59 |   130 |   113 ||   302
  Use: Scroll            |       |     3 |     5 ||     8
  Eat: Chunk             |     2 |     6 |     9 ||    17
Armor: Scale mail        |    25 |    51 |    58 ||   134
Dodge: Dodged            |     6 |    23 |    26 ||    55
Block: Medium shield     |    33 |    66 |    47 ||   146
